 Dungeon Crawl Stone Soup version 0.22.1-1-ga44c0e5 (webtiles) character file.

154 Larett the Covert (level 5, -8/25 HPs)
             Began as a Spriggan Assassin on Oct 27, 2018.
             Mangled by an orc priest
             ... wielding a +2 short sword of electrocution
              (18 damage)
             ... on level 3 of the Dungeon.
             The game lasted 00:10:39 (3052 turns).

Larett the Covert (Spriggan Assassin)               Turns: 3052, Time: 00:10:39

Health: -8/25      AC:  3    Str:  7    XL:     5   Next: 13%
Magic:  6/6        EV: 20    Int: 13    God:
Gold:   164        SH:  0    Dex: 18    Spells: 4/4 levels left

rFire    . . .     SeeInvis +   a - +2 dagger (speed)
rCold    . . .     Gourm    .   (shield restricted)
rNeg     . . .     Faith    .   c - +0 robe
rPois    .         Spirit   .   (helmet restricted)
rElec    .         Reflect  .   d - +0 cloak
rCorr    .         Harm     .   (gloves unavailable)
MR       .....                  (boots unavailable)
Stlth    ++++......             (no amulet)
HPRegen  0.08/turn              (no ring)
MPRegen  0.10/turn              (no ring)

@: very quick
A: very small, unfitting armour, see invisible, herbivore, speed 3, slow
metabolism 2
a: no special abilities


You were on level 3 of the Dungeon.
You were not hungry.

You visited 1 branch of the dungeon, and saw 3 of its levels.

You collected 164 gold pieces.

Inventory:

Hand Weapons
 a - a +2 dagger of speed (weapon)
 b - a +0 hunting sling
 z - a +0 blowgun
 V - a +0 hunting sling
Missiles
 e - 5 poisoned needles
 f - 2 curare-tipped needles
 t - 146 stones (quivered)
 u - 32 sling bullets
 x - 19 bolts
Armour
 c - a +0 robe (worn)
 d - a +0 cloak (worn)
Wands
 P - a wand of paralysis (3)
Scrolls
 r - 2 scrolls of immolation {!r}
 y - a scroll of remove curse {unknown}
 A - a scroll of fear {unknown}
 C - a scroll of random uselessness {unknown}
 E - a scroll of blinking {unknown}
 T - 2 scrolls of teleportation
Potions
 v - a potion of ambrosia
 B - a potion of might
 W - a potion of brilliance
Comestibles
 g - 7 rations


   Skills:
 - Level 1.5 Fighting
 - Level 2.1 Short Blades
 - Level 2.0 Throwing
 + Level 4.2 Dodging
 * Level 8.8 Stealth


You had 4 spell levels left.
You didn't know any spells.
Your spell library was empty.

Dungeon Overview and Level Annotations

Branches:
Dungeon (3/15)

Altars:
The Shining One


Innate Abilities, Weirdness & Mutations

You are very small and have problems with some larger weapons.
You are too small for most types of armour.
You have supernaturally acute eyesight. (SInv)
You are a herbivore.
You cover ground extremely quickly.
You need to consume almost no food.


Message History

You shoot a poisoned needle.
The poisoned needle barely misses the orc priest.
Your hands tingle!
a - a +2 dagger of speed (weapon)
You hit the orc priest.
The orc priest is lightly wounded.
The orc priest barely misses you.
You closely miss the orc priest.
The orc priest is lightly wounded.
You hit the orc priest but do no damage.
The orc priest is lightly wounded.
The orc priest invokes the aid of Beogh against you.
Pain shoots through your body!
Ouch! That really hurt!
You hit the orc priest.
The orc priest is moderately wounded.
The orc priest hits you with a short sword of electrocution.
You are electrocuted!
Ouch! That really hurt!
You die...

##### ####### #@..#
#.....# ###o#.#
#.###.###.(_..# #.#
#.)..(#.#.....
#.###.###(#.#.####
## #.....# #.#.. #
...#####.#####.###.
...............# ##
..........####.##


You could see an orc priest.

Vanquished Creatures
  Ijyb (D:2)
  2 adders (D:2)
  2 oozes
  2 worms (D:2)
  4 dart slugs (D:1)
  4 leopard geckos
  5 orcs
  A ball python (D:2)
  2 giant cockroaches (D:1)
  17 goblins
  5 hobgoblins
  5 jackals (D:1)
  A quokka (D:2)
  10 bats
  2 frilled lizards
  5 kobolds
  7 rats
75 creatures vanquished.

Notes
Turn   | Place    | Note
-------+----------+-------------------------------------------
     0 | D:1      | Larett the Spriggan Assassin began the quest for the Orb.
     0 | D:1      | Reached XP level 1. HP: 10/10 MP: 2/2
    49 | D:1      | Reached skill level 6 in Stealth
   325 | D:1      | Reached XP level 2. HP: 14/14 MP: 3/3
   644 | D:1      | Reached skill level 7 in Stealth
   665 | D:1      | Reached XP level 3. HP: 18/18 MP: 4/4
   937 | D:1      | Reached skill level 3 in Dodging
  1628 | D:2      | Reached XP level 4. HP: 20/22 MP: 5/5
  1677 | D:2      | Reached skill level 8 in Stealth
  1920 | D:2      | Noticed Ijyb
  1967 | D:2      | Paralysed by Ijyb for 5 turns
  1990 | D:2      | Paralysed by Ijyb for 5 turns
  1993 | D:2      | Killed Ijyb
  2384 | D:2      | Found a faded altar of an unknown god.
  2409 | D:2      | Reached XP level 5. HP: 25/25 MP: 6/6
  2805 | D:3      | Found a glowing golden altar of the Shining One.
  3052 | D:3      | Mangled by an orc priest

Skill      XL: |  1  2  3  4 |
---------------+-------------+-----
Dodging        | 2 3 4 |  4.2
Stealth        | 6 7 8 |  8.8
Fighting       | |  1.5
Short Blades   | |  2.1
Throwing       | |  2.0

Action                   |  1- 3 |  4- 6 || total
-------------------------+-------+-------++-------
Melee: Dagger            |   118 |    92 ||   210
 Fire: Blowgun           |    15 |    13 ||    28
       Hunting sling     |    16 |    31 ||    47
Throw: Stone             |     2 |       ||     2
  Use: Scroll            |     1 |     5 ||     6
 Stab: Sleeping          |     7 |     2 ||     9
       Distracted        |     1 |       ||     1
Armor: Robe              |     9 |     9 ||    18
Dodge: Dodged            |    84 |    84 ||   168
